 Dungeon Crawl Stone Soup version 0.27-a0-1219-g958d993ae5 (webtiles) character file.

Game seed: 15926630858708152793

700 ZeroWinrate the Chiller (level 7, -1/38 HPs)
             Began as a Vampire Ice Elementalist on June 6, 2021.
             Slain by a phantom (5 damage)
             ... on level 5 of the Dungeon.
             The game lasted 00:12:39 (4393 turns).

ZeroWinrate the Chiller (Vampire Ice Elementalist)  Turns: 4393, Time: 00:12:39

Health: -1/38      AC:  5    Str:  5 (7)  XL:     7   Next: 38%
Magic:  7/14       EV: 12    Int: 23 (25) God:
Gold:   217        SH:  0    Dex: 13 (15) Spells: 9/16 levels left

rFire    . . .     SeeInvis +   g - +3 short sword (venom)
rCold    + + .     Faith    .   (no shield)
rNeg     + + +     Spirit   .   a - +0 robe
rPois    ∞         Reflect  .   c - +2 helmet
rElec    .         Harm     .   (no cloak)
rCorr    .         Rampage  .   (no gloves)
Will     +....                  (no boots)
Stlth    ++++......             o - amulet of magic regeneration
HPRegen  0.00/turn              b - +6 ring of intelligence
MPRegen  0.39/turn              r - ring of willpower

@: bloodless, hasted, very quick
A: bloodless, fangs 3, see invisible, vampiric 2
a: Bat Form, Revivify


You were on level 5 of the Dungeon.
You visited 1 branch of the dungeon, and saw 5 of its levels.
You also visited: Sewer.

You collected 217 gold pieces.

Inventory:

Hand Weapons
 g - a +3 short sword of venom (weapon)
Missiles
 l - 7 poisoned darts
Armour
 a - a +0 robe (worn)
 c - a +2 helmet (worn)
Jewellery
 b - a +6 ring of intelligence (left hand)
 f - a ring of fire
 o - an amulet of magic regeneration (around neck)
 r - a ring of willpower (right hand)
Scrolls
 i - 5 scrolls of enchant armour {unknown}
 j - a scroll of silence
 n - a scroll of blinking {unknown}
 u - a scroll of immolation {unknown}
 w - a scroll of teleportation {unknown}
Potions
 d - 2 potions of brilliance {unknown}
 m - 3 potions of curing {unknown}
 p - 2 potions of heal wounds {unknown}
 q - a potion of resistance {unknown}
 s - a potion of might {unknown}
 t - 2 potions of flight {unknown}
 v - a potion of mutation {unknown}


   Skills:
 + Level 1.2 Fighting
 + Level 2.8 Dodging
 + Level 3.8 Stealth
 - Level 5.2 Spellcasting
 - Level 6.7 Ice Magic


You had 9 spell levels left.
You knew the following spells:

 Your Spells              Type           Power      Damage    Failure   Level
a - Freeze                Ice            100%       1d11      1%          1
b - Frozen Ramparts       Ice            74%        1d9       1%          3
c - Ozocubu's Armour      Ice            37%        N/A       1%          3

Your spell library contained the following spells:

 Spells                   Type           Power      Damage    Failure   Level
 Hailstorm                Conj/Ice       21%        3d6       22%         4
 Metabolic Englaciation   Hex/Ice        10%        N/A       54%         5


Dungeon Overview and Level Annotations

Branches:
Dungeon (5/15)             Temple (0/1) D:4           Sewer (visited)

Altars:
Elyvilon

Annotations:
D:2 Robin


Innate Abilities, Weirdness & Mutations

You do not regenerate when monsters are visible.
You are frail without blood (-20% HP).
You can heal yourself when you bite living creatures.
You are immune to poison.
You have razor-sharp teeth.
You have supernaturally acute eyesight. (SInv)
You are afflicted with vampirism and can become a bat while bloodless.


Message History

You closely miss the phantom.
The phantom is severely damaged.
The phantom completely resists.
The wall freezes the phantom but does no damage.
The phantom hits you but does no damage.
The scorpion zombie hits you but does no damage.
The phantom completely resists.
The wall freezes the phantom but does no damage.
The phantom closely misses you.
Unknown command.
Okay, then.
You barely miss the phantom.
The phantom is severely damaged.
The scorpion zombie misses you.
The phantom completely resists.
The wall freezes the phantom but does no damage.
The phantom hits you.
* * * LOW HITPOINT WARNING * * *
The phantom blinks!
You blink.
Your icy armour cracks and falls away as you move.
The frozen ramparts melt away as you move.
The scorpion zombie closely misses you.
Unknown command.
As you read the scroll of torment, it crumbles to dust.
You feel a surge of unholy energy.
The phantom hits you but does no damage.
The scorpion zombie barely misses you.
Unknown command.
Unknown command.
Unknown command.
Unknown command.
Unknown command.
As you read the scroll of fear, it crumbles to dust.
You assume a fearsome visage.
The phantom is unaffected.
The scorpion zombie is unaffected.
The phantom hits you.
* * * LOW HITPOINT WARNING * * *
The scorpion zombie hits you.
* * * LOW HITPOINT WARNING * * *
Unknown command.
You feel yourself speed up. The phantom hits you.
You die...

*,*(#.#.#o#.#.#.#.#..##.
*.........#..........#..
*#........#........$...#
#........#..........###
#...................#
#....>.......?......#
#........#........§.#
#...)Z.W.#..##..#####
#.....@..##.###<#
##########*.# #.# *.#
#.# #### *.# #.# #...
#.* #.# #... #.#*#.#
#... *..*#.# #...
*#.##.# ##...
#..#.###....


You could see a phantom and a scorpion zombie.

Vanquished Creatures
  Grinder (D:3)
  An ogre (D:4)
  A kobold brigand (Sewer)
  2 scorpions (D:3)
  An iguana (D:5)
  A howler monkey skeleton (D:4)
  7 adders
  2 river rats (Sewer)
  An ufetubus (D:4)
  2 worms
  4 dart slugs
  8 orcs
  8 ball pythons
  9 endoplasms
  3 giant cockroaches (D:1)
  8 goblins
  8 hobgoblins
  4 jackals
  7 quokkas
  2 bats
  A frilled lizard (D:2)
  10 kobolds
  5 rats
96 creatures vanquished.

Notes
Turn   | Place    | Note
-------+----------+-------------------------------------------
     0 | D:1      | ZeroWinrate the Vampire Ice Elementalist began the quest
                  | for the Orb.
     0 | D:1      | Reached XP level 1. HP: 13/13 MP: 3/3
   105 | D:2      | Reached XP level 2. HP: 10/19 MP: 1/5
   391 | D:2      | Found a faded altar of an unknown god.
   405 | D:2      | Noticed Robin
   797 | D:2      | Gained mutation: You are afflicted with vampirism and can
                  | become a bat while bloodless. [Vampire growth]
   797 | D:2      | Reached XP level 3. HP: 24/24 MP: 4/7
   874 | D:1      | Learned a level 3 spell: Frozen Ramparts
   878 | D:1      | Learned a level 3 spell: Ozocubu's Armour
  1458 | D:1      | Reached XP level 4. HP: 30/30 MP: 8/8
  2101 | D:3      | Reached skill level 5 in Ice Magic
  2192 | D:3      | Noticed Grinder
  2225 | D:3      | Paralysed by Grinder for 5 turns
  2263 | D:3      | Killed Grinder
  2264 | D:3      | Reached XP level 5. HP: 11/35 MP: 2/11
  2264 | D:3      | Reached XP level 6. HP: 13/41 MP: 2/12
  2423 | D:3      | Reached skill level 6 in Ice Magic
  2888 | D:4      | Found a staircase to the Ecumenical Temple.
  3151 | D:4      | Reached skill level 5 in Spellcasting
  3151 | D:4      | Reached XP level 7. HP: 32/46 MP: 3/14
  3895 | D:5      | Entered Level 5 of the Dungeon
  3929 | D:5      | Found a glowing drain.
  3967 | Sewer    | Entered a sewer
  4077 | Sewer    | Reached skill level 1 in Fighting
  4393 | D:5      | Slain by a phantom

Illustrated notes

Levels and vault maps discovered:
D:1:      minmay_arrival_cross, layout_loops_ring
D:2:      layout_loops_cross, chequers_ecumenical_altar_grove, uniq_robin
D:3:      layout_rooms, general_overflow_altar, corner_web_ring, uniq_grinder
D:4:      wander_river, layout_cave_pods, minmay_temple_entry_waves
D:5:      layout_rooms, cheibrodos_sewer_entry_bend, minmay_statues_item,
          st_stairs_11

Skill      XL: |  1  2  3  4  5  6  7 |
---------------+----------------------+-----
Spellcasting   | 3 4 5 |  5.2
Ice Magic      | 5 6 |  6.7
Fighting       | 1 |  1.2
Dodging        | |  2.8
Stealth        | |  3.8

Action                   |  1- 3 |  4- 6 |  7- 9 || total
-------------------------+-------+-------+-------++-------
Melee: Unarmed           |    30 |       |       ||    30
       Bite              |     4 |     4 |     2 ||    10
       Short sword       |    17 |    22 |    23 ||    62
 Cast: Freeze            |    46 |    41 |    34 ||   121
       Frozen Ramparts   |       |     4 |     8 ||    12
       Ozocubu's Armour  |       |     2 |     3 ||     5
 Abil: End Transformatio |       |       |     1 ||     1
       Bat Form          |       |       |     1 ||     1
       Exsanguinate      |       |       |     1 ||     1
  Use: Scroll            |     2 |     1 |     4 ||     7
       Potion            |       |       |     1 ||     1
 Stab: Sleeping          |     4 |       |       ||     4
Armor: Robe              |    10 |    11 |    18 ||    39
Dodge: Dodged            |    63 |    23 |    39 ||   125

Table legend: (Time is in decaauts)
 A = Elapsed time spent in this place.
 B = Non-inter-level travel time spent in this place.
 C = Inter-level travel time spent in this place.
 D = Time resting spent in this place.
 E = Time spent auto-exploring this place.
 F = Levels seen in this place.
 G = Mean time per level.
                   A        B        C        D        E       F      G
               +--------+--------+--------+--------+--------+-----+--------+
         Total |   4450 |   4324 |    126 |    547 |   2869 |   6 |  741.7 |
       Dungeon |   4162 |   4036 |    126 |    499 |   2767 |   5 |  832.4 |
         Sewer |    287 |    287 |      0 |     48 |    102 |   1 |  287.0 |
               +--------+--------+--------+--------+--------+-----+--------+

Top non-repeatable levels by time:
     D:2: 1168 daAuts
     D:4: 1045 daAuts
     D:3: 870 daAuts
     D:1: 852 daAuts
   Sewer: 287 daAuts
     D:5: 225 daAuts
